 Dungeon Crawl Stone Soup version 0.20.1-1-g8b1a95d (webtiles) character file.

235 tmwrnj the Chopper (level 6, 0/53 HPs)
             Began as a Hill Orc Fighter on July 24, 2017.
             Was an Initiate of Beogh.
             Killed by divine providence
             ... invoked by an orc priest
              (15 damage)
             ... on level 4 of the Dungeon.
             The game lasted 00:07:55 (3144 turns).

tmwrnj the Chopper (Hill Orc Fighter)               Turns: 3144, Time: 00:07:56

Health: 0/53       AC:  7    Str: 20    XL:     6   Next: 6%
Magic:  6/6        EV:  8    Int:  8    God:    Beogh [......]
Gold:   86         SH:  9    Dex: 11    Spells: 5/5 levels left

rFire    . . .     SeeInvis .   a - +0 war axe
rCold    . . .     Gourm    .   c - +0 shield
rNeg     . . .     Faith    .   b - +0 scale mail
rPois    .         Spirit   .   (no helmet)
rElec    .         Reflect  .   (no cloak)
rCorr    .         Harm     .   (no gloves)
MR       .....                  (no boots)
Stlth    ..........             (no amulet)
Regen    0.2/turn               (no ring)
MPRegen  0.1/turn               (no ring)

@: no status effects
A: no striking features
a: Renounce Religion


You were on level 4 of the Dungeon.
You worshipped Beogh.
Beogh was noncommittal.
You were not hungry.

You visited 1 branch of the dungeon, and saw 4 of its levels.

You collected 86 gold pieces.

Inventory:

Hand Weapons
 a - a +0 war axe (weapon)
 y - a +0 mace of protection
 z - a +5 morningstar
Armour
 b - a +0 scale mail (worn)
 c - a +0 shield (worn)
 r - a +2 hat
 t - a cursed +0 helmet
Jewellery
 g - a cursed -2 ring of protection {unknown}
 D - an uncursed amulet of the gourmand {unknown}
Wands
 v - a wand of confusion (25/48)
Scrolls
 h - 2 scrolls of magic mapping {unknown}
 j - a scroll of random uselessness {unknown}
 m - 2 scrolls of amnesia {unknown}
 n - 2 scrolls of immolation {unknown}
 o - a scroll of recharging {unknown}
 q - 2 scrolls of identify {unknown}
 s - a scroll of enchant weapon {unknown}
 u - 2 scrolls of fog
 B - a scroll of teleportation {unknown}
 C - a scroll of fear {unknown}
Potions
 d - a potion of might
 e - 2 potions of agility {unknown}
 k - 6 potions of curing {unknown}
 l - 2 potions of flight {unknown}
 p - a potion of heal wounds {unknown}
 w - a potion of lignification {unknown}
 x - a potion of cancellation {unknown}
Comestibles
 f - 3 bread rations
 i - 4 meat rations


   Skills:
 + Level 4.7 Fighting
 + Level 5.6 Axes
 + Level 4.1 Armour
 + Level 1.0 Dodging
 + Level 0.1 Stealth
 + Level 4.0 Shields


You had 5 spell levels left.
You didn't know any spells.

Dungeon Overview and Level Annotations

Branches:
Dungeon (4/15)
 Temple: D:4-7

Altars:

Annotations:
D:3 Charly's ghost, amateur VSEE


Message History

The orc wizard hits you with a dagger.
A phantom comes into view.
The orc wizard points at you and mumbles some strange words.
The puff of frost hits you!
The phantom blinks!
You block the orc wizard's attack.
The orc wizard gestures at you while chanting.
The puff of frost hits you!
* * * LOW HITPOINT WARNING * * *
The orc wizard looks encouraged for a moment.
There is a stone staircase leading down here.
The orc wizard closely misses you.
The orc wizard points at you and mumbles some strange words.
The puff of frost hits you!
* * * LOW HITPOINT WARNING * * *
You block the orc wizard's attack.
The orc wizard hits you but does no damage.
The orc priest calls down the wrath of Beogh upon you.
Beogh smites you!
You die...
Beogh appreciates the orc priest's killing of a heretic priest.

... ... #.# ...
........... #o# ...
............ #.# #.#
........... #†#
#.###......... #÷#
#.#.........#
#(###.....##..).# #
#.(.........#...#####.##
#..<........)...@......#
.................o.#.....
...........#.†.....# ...
...........#......o### #
...#
..####..####.......>.#
...# ..# #..# #.......#.##
....# .## #...#
#.......#..### ..... ..
#.#.###.......##...#.....#
..
..#....###....####.#......


You could see an orc priest and an orc wizard.

Vanquished Creatures
  A hound (D:4)
  A bullfrog skeleton (D:4)
  A gnoll (D:3)
  9 adders
  An adder skeleton (D:4)
  4 worms
  2 leopard geckos
  6 orcs (D:4)
  2 ball pythons
  A giant cockroach (D:1)
  13 goblins
  6 hobgoblins
  2 quokkas
  7 bats
  4 frilled lizards
  11 kobolds
  4 rats
  6 bushes (D:1)
  11 plants
92 creatures vanquished.

Vanquished Creatures (others)
  A leopard gecko (D:4)
  An orc (D:4)
  3 jackals (D:4)
5 creatures vanquished.

Grand Total: 97 creatures vanquished

Notes
Turn   | Place    | Note
-------+----------+-------------------------------------------
     0 | D:1      | tmwrnj the Hill Orc Fighter began the quest for the Orb.
     0 | D:1      | Reached XP level 1. HP: 19/19 MP: 1/1
   228 | D:1      | Reached XP level 2. HP: 27/27 MP: 2/2
   672 | D:1      | Reached skill level 3 in Axes
  1134 | D:2      | Reached XP level 3. HP: 33/33 MP: 3/3
  1315 | D:2      | Reached XP level 4. HP: 37/40 MP: 4/4
  1408 | D:2      | Reached skill level 4 in Axes
  2090 | D:3      | Noticed Charly's ghost (amateur VSEE)
  2293 | D:3      | Reached XP level 5. HP: 19/47 MP: 5/5
  2834 | D:4      | Reached skill level 5 in Axes
  2886 | D:4      | Became a worshipper of Beogh the Brigand
  2888 | D:4      | Reached skill level 1 in Dodging
  2888 | D:4      | Reached XP level 6. HP: 21/53 MP: 6/6
  3131 | D:4      | Noticed a phantom
  3144 | D:4      | Killed from afar by an orc priest

Skill      XL: |  1  2  3  4  5 |
---------------+----------------+-----
Fighting       | 4 |  4.7
Axes           | 3 4 5 |  5.6
Armour         | 4 |  4.1
Shields        | 4 |  4.0
Dodging        | 1 |  1.0
Stealth        | |  0.1

Action                   |  1- 3 |  4- 6 || total
-------------------------+-------+-------++-------
Melee: War axe           |   368 |   242 ||   610
Invok: Convert to Beogh  |       |     1 ||     1
  Use: Scroll            |       |     1 ||     1
  Eat: Chunk             |     3 |     6 ||     9
Armor: Scale mail        |    53 |   100 ||   153
Dodge: Dodged            |    31 |    77 ||   108
Block: Shield            |    58 |   107 ||   165
